 Seeded DCSS version 0.30.1-9-gdf580d7c3d (webtiles) character file.

Game seed: 7229806256980976716 (custom seed)

2 Psyclone the Stinger (level 1, 10/10 HPs)
             Began as a Deep Elf Venom Mage on Oct 4, 2023.
             Quit the game on level 1 of the Dungeon.
             The game lasted 00:01:42 (740 turns).

Psyclone the Stinger (Deep Elf Venom Mage)           Turns: 740, Time: 00:01:42

Health: 10/10      AC:  6    Str:  5    XL:     1   Next: 25%
Magic:  15/15      EV: 12    Int: 19    God:
Gold:   1283       SH:  0    Dex: 15    Spells: 5/6 levels left

rFire   + + +        d - +3 Elemental Staff {rElec rF+ rC+ AC+3}
rCold   + . .        (no shield)
rNeg    + . .        a - +0 robe
rPois   .            e - +1 hat "Geale" {rF++ rN+ rCorr MP+9}
rElec   +            (no cloak)
rCorr   +            (no gloves)
SInv    .            (no boots)
Will    .....        (no amulet)
Stlth   ++           (no ring)
HPRegen 0.21/turn    (no ring)
MPRegen 0.14/turn

%: no passive effects
@: no status effects
A: inhibited regeneration
a: no special abilities


You were on level 1 of the Dungeon.
You visited 1 branch of the dungeon, and saw 1 of its levels.

You collected 1283 gold pieces.

Inventory:

Hand Weapons
 d - the +3 Elemental Staff (weapon) {rElec rF+ rC+ AC+3}
   (You acquired it on level 1 of the Dungeon)

   It enhances your fire, ice, earth and air magic.
   AC:        It affects your AC (+3).
   rF:        It protects you from fire.
   rC:        It protects you from cold.
   rElec:     It insulates you from electricity.
Armour
 a - a +0 robe (worn)
 e - the +1 hat "Geale" (worn) {rF++ rN+ rCorr MP+9}
   (You acquired it on level 1 of the Dungeon)

   rF:        It greatly protects you from fire.
   rN:        It protects you from negative energy.
   MP:        It affects your magic capacity (+9).
   rCorr:     It protects you from acid and corrosion.
Scrolls
 c - 2 scrolls of amnesia {unknown}
 f - a scroll of blinking {unknown}
Potions
 b - a potion of magic


   Skills:
 + Level 2.4 Dodging
 + Level 2.4 Stealth
 + Level 3.0 Spellcasting
 + Level 1.1 Transmutations
 + Level 3.3 Poison Magic


You had 5 spell levels left.
You knew the following spells:

 Your Spells              Type           Power      Damage    Failure   Level
a - Sting                 Tmut/Pois      44%        1d5       6%          1

Your spell library contained the following spells:

 Spells                   Type           Power      Damage    Failure   Level
 Poisonous Vapours        Pois/Air       26%        N/A       12%         2
 Mephitic Cloud           Conj/Pois/Air  10%        N/A       28%         3
 Olgreb's Toxic Radiance  Pois           15%        N/A       36%         4


Dungeon Overview and Level Annotations

Branches:
Dungeon (1/15) Zot: 5259

Altars:


Innate Abilities, Weirdness & Mutations

You do not regenerate when monsters are visible.


Message History

A bat comes into view.
The frilled lizard hisses angrily.
Casting: Sting (safe; 6% risk of failure)
Confirm with . or Enter, or press ? or * to list all spells.
You can't see any susceptible monsters within range! (Use Z to cast anyway.) Unknown command.
Found a bubbling black potion.
The bat closely misses you. x2
The bat barely misses you.
The frilled lizard bites you but does no damage.
Casting: Sting (safe; 6% risk of failure)
Confirm with . or Enter, or press ? or * to list all spells.
You don't know that spell.
Unknown command.
You barely miss the bat. The bat hits you. The bat closely misses you.
The frilled lizard bites you.
You take 2 damage, and have 8/10 hp.
The frilled lizard attacks as you move away!
The frilled lizard barely misses you. The bat hits you but does no damage.
The bat closely misses you.
You hit the bat.
You kill the bat!
The frilled lizard closely misses you. The frilled lizard bites you.
You see here a bat corpse.
You take 2 damage, and have 7/10 hp.
You barely miss the frilled lizard. The frilled lizard misses you.
The frilled lizard barely misses you.
You closely miss the frilled lizard. The frilled lizard closely misses you.
You sock the frilled lizard!
You kill the frilled lizard!
Found an escape hatch in the floor.
f - a scroll labelled FOEGIP WYTRA
Found a robe.
g - a bubbling black potion Health restored: 10 It was a potion of mutation.
You feel extremely strange.
Your regeneration stops near monsters.
Unknown command.
Unknown command.
Are you sure you want to abandon this character and quit the game? (Confirm with "yes".)

#.#............#.
###.#.####.#######.
#....†..##.# #.
#.#.....##.# #
#.#........#
##.#.....#).#
#.............
...###...###.#### #
#@#.## #.# #.##.# #
#. #># .. #.# #..
#.# ... #.# #.#. .#
....


There were no monsters in sight!

Vanquished Creatures
  A bat (D:1)
  A frilled lizard (D:1)
2 creatures vanquished.

Notes
Turn   | Place    | Note
-------+----------+-------------------------------------------
     0 | D:1      | Psyclone the Deep Elf Venom Mage began the quest for the
                  | Orb.
     0 | D:1      | Reached XP level 1. HP: 10/10 MP: 6/6
    60 | D:1      | Identified 3 scrolls of acquirement
    60 | D:1      | Acquired the +3 Elemental Staff {rElec rF+ rC+ AC+3}
    60 | D:1      | Found the +3 Elemental Staff {rElec rF+ rC+ AC+3}
   539 | D:1      | Acquired the +1 hat "Geale" {rF++ rN+ rCorr MP+9}
   540 | D:1      | Acquired 1266 gold pieces
   739 | D:1      | Gained mutation: You do not regenerate when monsters are
                  | visible. [potion of mutation]
   740 | D:1      | Quit the game

Illustrated notes

Levels and vault maps discovered:
D:1:      spicycebolla_arrival_ecumenical, layout_loops_ring

Action                     || total
---------------------------++-------
  Melee: Staff             ||     5
    Use: Scroll            ||     3
         Potion            ||     1
 Armour: Robe              ||     2
  Dodge: Dodged            ||    10
